 Dungeon Sprint DCSS version 0.28.0-43-g3370ac3207 (webtiles) character file.

Game seed: 14993625747139377984

1227 boopmooplesden the Impaler (level 8, -7/129 HPs)
             Began as a Minotaur Berserker on Mar 16, 2022.
             Was an Elder of Trog.
             Mangled by a centaur warrior (8 damage)
             ... in the Dungeon (Sprint I: "Red Sonja").
             The game lasted 00:01:46 (781 turns).

boopmooplesden the Impaler (Minotaur Berserker)      Turns: 781, Time: 00:01:47

Health: -7/129     AC:  7    Str: 22    XL:     8   Next: 23%
Magic:  7/7        EV: 14    Int:  4    God:    Trog [****..]
Gold:   200        SH:  0    Dex: 14    Spells: 7/7 levels left

rFire   . . .      SeeInvis .   l - +1 scythe (vorpal)
rCold   . . .      Faith    .   (shield currently unavailable)
rNeg    . . .      Spirit   .   m - +0 ring mail of Sin {Dex+2 Stlth+}
rPois   .          Reflect  .   (helmet restricted)
rElec   .          Harm     .   (no cloak)
rCorr   .          Rampage  .   n - +0 pair of gloves
Will    .....      NoTele   +   (no boots)
Stlth   ..........              (no amulet)
HPRegen 0.31/turn               (no ring)
MPRegen 0.10/turn               (no ring)

@: berserking, very quick
A: horns 2, retaliatory headbutt
a: Renounce Religion, Berserk, Trog's Hand, Brothers in Arms


You were in the Dungeon.
You worshipped Trog.
Trog was greatly pleased with you.
You visited 1 branch You collected 425 gold pieces.
You spent 225 gold pieces at shops.

Inventory:

Hand Weapons
 a - a +0 spear
 l - a +1 vorpal scythe (weapon)
Armour
 b - a +0 animal skin
 k - a +0 leather armour
 m - the +0 ring mail of Sin (worn) {Dex+2 Stlth+}
   (You bought it in a shop in the Dungeon)

   Dex:       It affects your dexterity (+2).
   Stlth:     It makes you more stealthy.
 n - a +0 pair of gloves (worn)
Wands
 i - a wand of polymorph (8)
Scrolls
 h - a scroll of blinking
Potions
 d - a potion of mutation {unknown}
 e - a potion of haste
 f - 2 potions of magic
 g - a potion of berserk rage
 j - a potion of might {unknown}


   Skills:
 + Level 13.0 Fighting
 + Level 15.0 Polearms
 + Level 6.9 Armour
 + Level 7.1 Dodging


You had 7 spell levels left.
You didn't know any spells.
Your spell library was empty.

Dungeon Overview and Level Annotations

Branches:
Dungeon (1/1)

Altars:
Cheibriados
Dithmenos
Elyvilon
Fedhas
Gozag
Hepliaklqana
Kikubaaqudgha
Makhleb
Nemelex Xobeh
Okawaru
Qazlal
Ru
Sif Muna
Trog
Uskayaw
Vehumet
Wu Jian
Xom
Yredelemnul
Zin
The Shining One
Jiyva
Lugonu

Shops:
D [


Innate Abilities, Weirdness & Mutations

You have a pair of horns on your head.
You reflexively headbutt those who attack you in melee.


Message History

* * * LOW HITPOINT WARNING * * *
The centaur warrior kicks you but does no damage.
A red film seems to cover your vision as you go berserk!
You feel yourself moving faster!
You feel mighty! The centaur warrior closely misses you.
You furiously retaliate!
You headbutt the centaur warrior!!
The centaur warrior kicks you but does no damage.
The centaur warrior barely misses you. The centaur warrior kicks you.
* * * LOW HITPOINT WARNING * * *
You closely miss the centaur warrior.
Your headbutt misses the centaur warrior.
The centaur warrior is heavily wounded.
The centaur warrior hits you but does no damage.
The centaur warrior kicks you.
* * * LOW HITPOINT WARNING * * *
The centaur warrior hits you.
* * * LOW HITPOINT WARNING * * *
The centaur warrior kicks you but does no damage.
The centaur warrior hits you!
* * * LOW HITPOINT WARNING * * *
The centaur warrior misses you.
You hit the centaur warrior.
The centaur warrior is heavily wounded.
The centaur warrior hits you but does no damage.
The centaur warrior misses you. The centaur warrior barely misses you.
You furiously retaliate!
You headbutt the centaur warrior.
The centaur warrior kicks you but does no damage.
The centaur warrior hits you.
* * * LOW HITPOINT WARNING * * *
The centaur warrior kicks you.
* * * LOW HITPOINT WARNING * * *
You hit the centaur warrior.
You headbutt the centaur warrior, but do no damage.
The centaur warrior is heavily wounded.
The centaur warrior hits you.
* * * LOW HITPOINT WARNING * * *
The centaur warrior kicks you.
* * * LOW HITPOINT WARNING * * *
The centaur warrior hits you!
You die...

#######################
#..').#..'..#__#..')..#
').#..'[.#..'..'..#)..#
#####'#####'#__####...+
####..#...#.####§§#####
#__####..##.#§§§§c#
#_____##'#_.'≈§§@§+
#_.∩...'..._#≈§§§c#
#_..__##_.#'##+####
#_____###+#:# #######
###


You could see 2 centaur warriors.

Vanquished Creatures
  2 kobold demonologists (D)
  A slime creature (D)
  Sigmund (D)
  A yak (D)
  A floating eye (D)
  An ogre (D)
  A jelly (D)
  Ijyb (D)
9 creatures vanquished.

Notes
Turn   | Place    | Note
-------+----------+-------------------------------------------
     0 | D        | boopmooplesden the Minotaur Berserker began the quest for
                  | the Orb.
     0 | D        | Reached XP level 1. HP: 19/19 MP: 0/0
     1 | D        | Noticed Ijyb
     9 | D        | Killed Ijyb
    10 | D        | Reached skill level 5 in Fighting
    10 | D        | Reached skill level 5 in Polearms
    10 | D        | Reached XP level 2. HP: 29/29 MP: 1/1
    78 | D        | Noticed an ogre
    83 | D        | Killed an ogre
    84 | D        | Reached skill level 7 in Polearms
    84 | D        | Reached XP level 3. HP: 39/39 MP: 2/2
    84 | D        | Reached XP level 4. HP: 47/47 MP: 3/3
   130 | D        | Noticed Sigmund
   138 | D        | Killed Sigmund
   138 | D        | Reached ** piety under Trog
   139 | D        | Reached skill level 10 in Polearms
   139 | D        | Reached skill level 5 in Armour
   139 | D        | Reached XP level 5. HP: 57/57 MP: 4/4
   139 | D        | Reached XP level 6. HP: 64/64 MP: 5/5
   170 | D        | Found a burning altar of Makhleb.
   170 | D        | Found a viscous altar of Jiyva.
   170 | D        | Found a shimmering altar of Xom.
   170 | D        | Found a corrupted altar of Lugonu.
   170 | D        | Noticed a slime creature
   177 | D        | Killed a slime creature
   178 | D        | Reached skill level 10 in Fighting
   178 | D        | Reached skill level 12 in Polearms
   178 | D        | Reached skill level 5 in Dodging
   292 | D        | Noticed a kobold demonologist
   292 | D        | Noticed a floating eye
   294 | D        | Noticed a kobold demonologist
   295 | D        | Killed a floating eye
   296 | D        | Reached XP level 7. HP: 74/74 MP: 6/6
   296 | D        | Noticed a smoke demon
   297 | D        | Noticed a rust devil
   304 | D        | Killed a kobold demonologist
   304 | D        | Reached *** piety under Trog
   305 | D        | Reached skill level 13 in Polearms
   310 | D        | HP: 2/78 [kobold demonologist/+0 dagger (3)]
   312 | D        | Killed a kobold demonologist
   313 | D        | Reached skill level 14 in Polearms
   313 | D        | Reached XP level 8. HP: 17/85 MP: 7/7
   604 | D        | Found an ornate altar of the Wu Jian Council.
   604 | D        | Found a shimmering blue altar of Sif Muna.
   606 | D        | Found a radiant altar of Vehumet.
   639 | D        | Found Cyot's Armour Emporium.
   639 | D        | Found an ancient bone altar of Kikubaaqudgha.
   639 | D        | Found a hazy altar of Hepliaklqana.
   639 | D        | Found a hide-covered altar of Uskayaw.
   639 | D        | Found a basalt altar of Yredelemnul.
   639 | D        | Found an opulent altar of Gozag.
   639 | D        | Found a snail-covered altar of Cheibriados.
   639 | D        | Found a sacrificial altar of Ru.
   639 | D        | Found a shadowy altar of Dithmenos.
   642 | D        | Reached **** piety under Trog
   643 | D        | Reached skill level 15 in Polearms
   643 | D        | Found a stormy altar of Qazlal.
   643 | D        | Found a blossoming altar of Fedhas.
   643 | D        | Found a bloodstained altar of Trog.
   643 | D        | Found an iron altar of Okawaru.
   643 | D        | Found a glowing golden altar of the Shining One.
   643 | D        | Found a glowing silver altar of Zin.
   643 | D        | Found a white marble altar of Elyvilon.
   644 | D        | Found a sparkling altar of Nemelex Xobeh.
   648 | D        | Bought the +0 ring mail of Sin {Dex+2 Stlth+} for 180 gold
                  | pieces
   658 | D        | Bought a +0 pair of gloves for 45 gold pieces
   773 | D        | Noticed a centaur warrior
   773 | D        | Noticed a centaur warrior
   780 | D        | HP: 4/129 [centaur warrior (4)]
   781 | D        | HP: 1/129 [centaur warrior (1)]
   781 | D        | Mangled by a centaur warrior

Illustrated notes

Levels and vault maps discovered:
D:        dungeon_sprint_1 [red_sonja_temple_1, red_sonja_temple_small_1]

Skill      XL: |  1  2  3  4  5  6  7  8 |
---------------+-------------------------+-----
Fighting       | 5 7 9 11 12 13 | 13.0
Polearms       | 5 7 10 12 14 15 | 15.0
Armour         | 3 4 5 6 |  6.9
Dodging        | 3 4 5 6 7 |  7.1

Action                   |  1- 3 |  4- 6 |  7- 9 || total
-------------------------+-------+-------+-------++-------
Melee: Spear             |    10 |     6 |       ||    16
       Headbutt          |     1 |       |     6 ||     7
       Punch             |     1 |       |       ||     1
       Scythe            |       |     7 |    23 ||    30
Invok: Berserk           |     2 |     2 |     1 ||     5
  Use: Potion            |       |       |     2 ||     2
Armor: Animal skin       |     1 |       |       ||     1
       Leather armour    |       |     1 |     4 ||     5
       Ring mail         |       |       |     9 ||     9
Dodge: Dodged            |     4 |     5 |    46 ||    55
